 Dungeon Crawl Stone Soup version 0.29.1-13-g9f3cf754e1 (webtiles) character file.

Game seed: 558742197899220363

8 Chiseanne the Trooper (level 2, 11/24 HPs)
             Began as a Demonspawn Wanderer on Feb 10, 2023.
             Quit the game on level 1 of the Dungeon.
             The game lasted 00:01:38 (389 turns).

Chiseanne the Trooper (Demonspawn Wanderer)          Turns: 389, Time: 00:01:39

Health: 11/24      AC:  6    Str: 17    XL:     2   Next: 0%
Magic:  2/2        EV: 10    Int:  9    God:
Gold:   14         SH:  0    Dex: 11    Spells: 1/1 levels left

rFire   . . .      SeeInvis .   a - +2 spear
rCold   . . .      Faith    .   (no shield)
rNeg    . . .      Spirit   .   f - +0 ring mail
rPois   .          Reflect  .   k - +0 helmet
rElec   .          Harm     .   (no cloak)
rCorr   .          Rampage  .   (no gloves)
Will    .....                   (no boots)
Stlth   +.........              (no amulet)
HPRegen 0.08/turn               (no ring)
MPRegen 0.08/turn               (no ring)

@: no status effects
A: claws 1
a: no special abilities


You were on level 1 of the Dungeon.
You visited 1 branch of the dungeon, and saw 1 of its levels.

You collected 14 gold pieces.

Inventory:

Hand Weapons
 a - a +2 spear (weapon)
 b - a +0 hand axe
 d - a +0 dagger
Missiles
 c - 8 boomerangs (quivered)
 h - 4 poisoned darts
Armour
 f - a +0 ring mail (worn)
 k - a +0 helmet (worn)
Scrolls
 e - 2 scrolls of blinking
 i - a scroll of identify {unknown}
 j - a scroll of teleportation {unknown}
Potions
 g - 2 potions of curing {unknown}


   Skills:
 * Level 3.2 Fighting
 - Level 1.7(2.5) Axes
 - Level 2.6(3.0) Polearms
 - Level 1.0 Throwing
 * Level 0.7 Armour
 * Level 0.6 Dodging
 - Level 1.0 Stealth


You had one spell level left.
You didn't know any spells.
Your spell library was empty.

Dungeon Overview and Level Annotations

Branches:
Dungeon (1/15)

Altars:

Shops:
D:1 (


Innate Abilities, Weirdness & Mutations

You have sharp fingernails.


Message History

You barely miss the hobgoblin.
The hobgoblin is moderately wounded.
The hobgoblin hits you.
You hit the hobgoblin.
The hobgoblin is severely wounded.
The hobgoblin misses you.
You hit the hobgoblin.
The hobgoblin is almost dead.
The hobgoblin barely misses you.
You closely miss the hobgoblin.
The hobgoblin is almost dead.
The hobgoblin closely misses you.
You completely miss the hobgoblin.
The hobgoblin is almost dead.
The hobgoblin hits you.
You closely miss the hobgoblin.
The hobgoblin is almost dead.
The hobgoblin hits you.
You are too injured to fight recklessly!
You are too injured to fight recklessly!
You are too injured to fight recklessly!
You are too injured to fight recklessly!
You are too injured to fight recklessly!
You are too injured to fight recklessly!
You are too injured to fight recklessly!
You are too injured to fight recklessly!
You are too injured to fight recklessly!
You are too injured to fight recklessly!
You are too injured to fight recklessly!
You are too injured to fight recklessly!
You are too injured to fight recklessly!
You are too injured to fight recklessly!
You are too injured to fight recklessly!
You hit the hobgoblin.
You kill the hobgoblin!
You have reached level 2!
You feel monstrous as your demonic heritage exerts itself.
Your demonic ancestry asserts itself...
Your fingernails lengthen.
Are you sure you want to abandon this character and quit the game? (Confirm with "yes".)

.###.#### #.#......#...# #....#
..##....# #.....#..###.# ######
...)..#.#####..........#
..##...................#
..##.†###...#..........# #######
..##...................####......
.....................#......#####
.....##########.#...#############
...... ......#÷@..>.............
....## ###...#################
...## #.......# #.#...#.####
#.#...#....# #.#.#.######.#
#............#
#######.##################
.........................#


There were no monsters in sight!

Vanquished Creatures
  2 giant cockroaches (D:1)
  A goblin (D:1)
  2 hobgoblins (D:1)
  A ball python (D:1)
  A rat (D:1)
7 creatures vanquished.

Notes
Turn   | Place    | Note
-------+----------+-------------------------------------------
     0 | D:1      | Chiseanne the Demonspawn Wanderer began the quest for the
                  | Orb.
     0 | D:1      | Chiseanne set off with the following items: a +2 spear, a
                  | +0 hand axe, 8 boomerangs, a +0 dagger, a scroll of
                  | blinking, a +0 leather armour.
     0 | D:1      | Reached XP level 1. HP: 18/18 MP: 1/1
   143 | D:1      | Found Loarekk's Antique Weapon Shoppe.
   389 | D:1      | Discovered your monstrous ancestry.
   389 | D:1      | Gained mutation: You have sharp fingernails. [demonic
                  | ancestry]
   389 | D:1      | Reached XP level 2. HP: 11/24 MP: 2/2
   389 | D:1      | Quit the game

Illustrated notes

Levels and vault maps discovered:
D:1:      dpeg_arrival_boxes_within_box, layout_basic, serial_shops, shop

Action                   || total
-------------------------++-------
Melee: Spear             ||    25
       Punch             ||     1
Armor: Leather armour    ||     1
       Ring mail         ||     1
Dodge: Dodged            ||    11
